 Dungeon Crawl Stone Soup version 0.18.1-48-g4cf74bf (webtiles) character file.

92 Galewin the Digger (level 4, -26/24 HPs)
             Began as a Gargoyle Earth Elementalist on June 23, 2016.
             Killed from afar by a jackal (37 damage)
             ... with an exploding inner flame
             ... hexed by the player character
             ... on level 3 of the Dungeon on June 28, 2016.
             The game lasted 00:14:34 (2042 turns).

Galewin the Digger (Gargoyle Earth Elementalist)    Turns: 2042, Time: 00:14:34

Health: -26/24     AC:  5    Str: 11 (12) XL:     4   Next: 60%
Magic:  7/8        EV: 12    Int: 13 (16) God:
Gold:   100        SH:  0    Dex:  9 (10) Spells: 3 memorised, 2 levels left

rFire  . . .     SeeInvis .     (no weapon)
rCold  . . .     Gourm    .     a - +0 robe
rNeg   + . .     Faith    .     (no shield)
rPois  ∞         Spirit   .     (no helmet)
rElec  +         Dismiss  .     (no cloak)
rCorr  .         Reflect  .     (no gloves)
SustAt .         Harm     .     (no boots)
MR     +....                    (no amulet)
Stlth  ++........               (no ring)
                                j - ring of protection from magic

@: somewhat resistant to hostile enchantments, unstealthy
A: negative energy resistance 1, electricity resistance, unbreathing,
petrification resistance, rot immunity, AC +3
a: no special abilities


You were on level 3 of the Dungeon.
You were not hungry.

You visited 1 branch of the dungeon, and saw 3 of its levels.

You collected 100 gold pieces.

Inventory:

Missiles
 b - 76 stones (quivered)
Armour
 a - a +0 robe (worn)
Jewellery
 j - a ring of protection from magic (left hand)
Scrolls
 g - 3 scrolls of enchant weapon
Potions
 e - a potion of ambrosia
Books
 c - a book of Geomancy

   Spells                             Type                      Level
   a - Sandblast                      Earth                        1
   b - Passwall                       Transmutation/Earth          2
   c - Stone Arrow                    Conjuration/Earth            3
   d - Petrify                        Transmutation/Earth          4
   e - Lee's Rapid Deconstruction     Earth                        5
Comestibles
 d - 2 bread rations
 f - 2 meat rations
 h - 2 chunks of flesh


   Skills:
 + Level 1.9 Dodging
 + Level 2.3 Stealth
 + Level 2.9 Spellcasting
 + Level 0.7 Transmutations
 * Level 5.2 Earth Magic


You had 2 spell levels left.
You knew the following spells:

 Your Spells              Type           Power        Failure   Level  Hunger
a - Passwall              Trmt/Erth      #.........   12%         2    ###....
b - Stone Arrow           Conj/Erth      #.....       28%         3    ###....
z - Sandblast             Erth           ###...       2%          1    #......


Dungeon Overview and Level Annotations

Branches:
Dungeon (3/15)

Altars:


Innate Abilities, Weirdness & Mutations

You are resistant to torment.
Your stone body is resilient (AC +3).
You are immune to poison.
You resist negative energy.
You are resistant to electric shocks.
You can survive without breathing.
You are immune to petrification.
You are immune to rotting.


Message History

The jackal misses you. The jackal barely misses you.
You barely miss the jackal.
The jackal is almost dead.
The jackal barely misses you.
You hit the jackal.
The jackal explodes!
The fiery explosion engulfs the jackal.
The jackal explodes!
The fiery explosion engulfs the goblin.
The goblin explodes!
The fiery explosion engulfs the gnoll.
You kill the gnoll!
You feel your dexterity returning.
The fiery explosion engulfs the gnoll.
The gnoll explodes!
You hear a splash.
You feel your strength returning. The fiery explosion engulfs you!
Ouch! That really hurt!
You die...

.. ...........!....
#. ####.........# #.
####..g.###.....#
#.##gr(<# ###.§§..#
#....#######...§§###
...######....###§#
..........## #§#
.#†.......#### #§#
#..######....###@#
#.###
####.)##.######.
....## ##...........
.##..# ####.#######
# ##.# #.## #.# #..#
#.#### ##.# #....##
#.# ####..# #.#


There were no monsters in sight!

Vanquished Creatures
  2 gnolls (D:3)
  2 adders (D:2)
  A worm (D:2)
  2 dart slugs
  A giant cockroach (D:2)
  10 goblins
  4 hobgoblins
  4 jackals
  8 kobolds
  A quokka (D:2)
  4 bats
  4 giant newts (D:1)
  2 rats (D:1)
45 creatures vanquished.

Notes
Turn   | Place    | Note
--------------------------------------------------------------
     0 | D:1      | Galewin the Gargoyle Earth Elementalist began the quest for the Orb.
     0 | D:1      | Reached XP level 1. HP: 10/10 MP: 3/3
   147 | D:1      | Reached skill level 4 in Earth Magic
   172 | D:1      | Reached XP level 2. HP: 10/15 MP: 0/5
   275 | D:1      | Learned a level 2 spell: Passwall
   873 | D:1      | Reached XP level 3. HP: 18/19 MP: 1/6
   878 | D:1      | Learned a level 3 spell: Stone Arrow
   878 | D:1      | Upgraded the game from 0.18.1-47-g9310371 to 0.18.1-48-g4cf74bf
  1583 | D:2      | Reached XP level 4. HP: 19/24 MP: 0/8
  1898 | D:2      | Reached skill level 5 in Earth Magic
  2042 | D:3      | Killed from afar by a jackal

Skill      XL: |  1  2  3  4 |
---------------+-------------+-----
Earth Magic    | 4 5 |  5.2
Dodging        | |  1.9
Stealth        | |  2.3
Spellcasting   | |  2.9
Transmutations | |  0.7

Action                   |  1- 3 |  4- 6 || total
-------------------------+-------+-------++-------
Melee: Unarmed           |    91 |    20 ||   111
Throw: Stone             |     2 |       ||     2
 Cast: Sandblast         |    69 |    14 ||    83
       Passwall          |     2 |       ||     2
  Use: Scroll            |       |     5 ||     5
       Potion            |       |     3 ||     3
  Eat: Chunk             |     3 |     2 ||     5
Armor: Robe              |    36 |    10 ||    46
Dodge: Dodged            |    81 |    22 ||   103
